 Dungeon Crawl Stone Soup version 0.26-a0-259-g1effd001a9 (webtiles) character file.

Game seed: 15305814170558202471

277 Lugonue the Bolt Thrower (level 6, -6/76 HPs)
             Began as a Minotaur Hunter on July 22, 2020.
             Was a Follower of Makhleb.
             Mangled by an ogre
             ... wielding a +0 giant spiked club
              (19 damage)
             ... on level 4 of the Dungeon.
             The game lasted 00:05:04 (2478 turns).

Lugonue the Bolt Thrower (Minotaur Hunter)          Turns: 2478, Time: 00:05:05

Health: -6/76      AC: 23    Str: 17    XL:     6   Next: 4%
Magic:  5/5        EV:  2    Int:  8    God:    Makhleb [*.....]
Gold:   162        SH:  0    Dex: 12    Spells: 5/5 levels left

rFire    . . .     SeeInvis .   b - +0 short sword
rCold    . . .     Faith    .   (no shield)
rNeg     + + +     Spirit   .   (armour currently unavailable)
rPois    +         Reflect  .   (helmet currently unavailable)
rElec    .         Harm     .   (cloak currently unavailable)
rCorr    .         Clarity  +   (gloves currently unavailable)
MR       .....     NoTele   +   (boots currently unavailable)
Stlth    ++........             (no amulet)
HPRegen  0.22/turn              j - ring of positive energy
MPRegen  0.09/turn              (no ring)

@: tree-form, berserk cooldown, stab, slowed, very slow
A: (retaliatory headbutt), clarity, evolution 1, MP-powered wands
a: Renounce Religion


You were on level 4 of the Dungeon.
You worshipped Makhleb.
Makhleb was aware of your devotion.
You were not hungry.
You were a tree.
You visited 1 branch of the dungeon, and saw 4 of its levels.

You collected 162 gold pieces.

Inventory:

Hand Weapons
 a - a +2 hand crossbow
 b - a +0 short sword (weapon)
Missiles
 d - 14 bolts
 r - 4 curare-tipped darts (quivered)
Armour
 m - a +0 cloak (melded)
 o - a +0 ring mail (melded)
Jewellery
 j - a ring of positive energy (left branch)
Scrolls
 e - a scroll of enchant armour
 g - 5 scrolls of identify
 k - 4 scrolls of teleportation {unknown}
 l - 6 scrolls of remove curse {unknown}
 t - a scroll of noise {unknown}
Potions
 u - a potion of resistance
Comestibles
 f - 8 rations


   Skills:
 + Level 3.6 Fighting
 - Level 0.5 Short Blades
 + Level 6.0 Crossbows
 + Level 3.0 Armour
 + Level 3.4 Dodging
 + Level 1.6 Stealth


You had 5 spell levels left.
You didn't know any spells.
Your spell library contained the following spells:

 Spells                   Type           Power        Failure   Level
 Corona                   Hex            #......      41%         1
 Ensorcelled Hibernation  Hex/Ice        #.....       54%         2
 Confusing Touch          Hex            #.......     78%         3
 Dazzling Flash           Conj/Hex       #.....       78%         3
 Tukima's Dance           Hex            #.......     78%         3


Dungeon Overview and Level Annotations

Branches:
Dungeon (4/15)
 Temple: D:4-7

Altars:
Makhleb
Ru
Beogh


Innate Abilities, Weirdness & Mutations

((You reflexively headbutt those who attack you in melee.))
((You have a pair of horns on your head.))
((You are partially covered in large bone plates. (SH +4)))
You possess an exceptional clarity of mind.
You evolve.
You expend magic power (3 MP) to strengthen your wands.


Message History

The magic dart hits you but does no damage.
The orc wizard hits you but does no damage.
The ogre hits you with a +0 giant spiked club.
* * * LOW HITPOINT WARNING * * *
The orc wizard hits you but does no damage.
As you read the scroll labeled LARCHA DA KAM, it crumbles to dust.
The creatures around you are filled with an inner flame!
It was a scroll of immolation.
The orc wizard is no longer moving quickly.
The orc wizard gestures at you while chanting.
The magic dart hits you but does no damage.
The ogre hits you with a +0 giant spiked club.
* * * LOW HITPOINT WARNING * * *
The orc wizard hits you but does no damage.
You hit the ogre.
Flame seeps out of the ogre.
The ogre is moderately wounded.
The orc wizard hits you but does no damage.
The ogre is engulfed in blazing flames.
Flame seeps out of the ogre.
The ogre hits you with a +0 giant spiked club!!
You die...

.(.......
#......#####.#..
#.(.............
#...............
#...............
###...)..##.....
................
#######..##o##.#..
....$....O♣......<
..................
#.#.#
##.##.............
#.#.# #?##.#..#.##.###.
#.... #.##.#..#.# .#
#.#.####.##....#.##.#
....................###
..#......##.#..........
..#......####).....####


You could see an ogre (inner flame) and an orc wizard (inner flame).

Vanquished Creatures
  A hound (D:4)
  3 orc priests
  An orc wizard (D:4)
  Jessica (D:3)
  An adder (D:4)
  An ooze (D:2)
  3 worms
  A dart slug (D:2)
  2 leopard geckos
  5 orcs
  A ball python (D:1)
  3 giant cockroaches
  7 goblins
  4 hobgoblins
  9 jackals
  11 kobolds
  10 bats
  2 frilled lizards
  A quokka skeleton (D:4)
  14 rats
81 creatures vanquished.

Notes
Turn   | Place    | Note
-------+----------+-------------------------------------------
     0 | D:1      | Lugonue the Minotaur Hunter began the quest for the Orb.
     0 | D:1      | Reached XP level 1. HP: 18/18 MP: 0/0
    67 | D:1      | Reached XP level 2. HP: 25/25 MP: 1/1
   181 | D:1      | Reached skill level 5 in Crossbows
   570 | D:1      | Reached XP level 3. HP: 30/30 MP: 2/2
  1025 | D:2      | Reached skill level 1 in Armour
  1167 | D:2      | Reached skill level 1 in Stealth
  1170 | D:2      | Found a burning altar of Makhleb.
  1246 | D:2      | Became a worshipper of Makhleb the Destroyer
  1301 | D:3      | Noticed Jessica
  1305 | D:3      | Killed Jessica
  1305 | D:3      | Reached XP level 4. HP: 37/37 MP: 3/3
  1349 | D:3      | Found a roughly hewn altar of Beogh.
  1494 | D:3      | Reached XP level 5. HP: 10/45 MP: 4/4
  2278 | D:3      | Found a sacrificial altar of Ru.
  2419 | D:4      | Reached skill level 6 in Crossbows
  2423 | D:4      | Reached * piety under Makhleb
  2454 | D:4      | Reached XP level 6. HP: 39/51 MP: 5/5
  2461 | D:4      | Gained mutation: You possess an exceptional clarity of
                  | mind. [potion of mutation]
  2461 | D:4      | Gained mutation: You evolve. [potion of mutation]
  2461 | D:4      | Gained mutation: You expend magic power (3 MP) to
                  | strengthen your wands. [potion of mutation]
  2461 | D:4      | Gained mutation: You are partially covered in large bone
                  | plates. (SH +4) [potion of mutation]
  2478 | D:4      | Mangled by an ogre

Illustrated notes

Levels and vault maps discovered:
D:1:      psy_arrival_conway, layout_basic, minmay_misc_feat_x, minmay_unequal
D:2:      layout_rooms, marbit_many_paths, kiku_gazebo_pond_becter,
          dk_noncrumbling_4, minmay_misc_feat_rugged
D:3:      layout_rooms, lemuel_crystal_altar, first_ration,
          kennysheep_orc_chapel, uniq_jessica
D:4:      layout_basic, nicolae_tso_besieged_by_evil, lemuel_crystal_altar

Skill      XL: |  1  2  3  4  5 |
---------------+----------------+-----
Crossbows      | 5 6 |  6.0
Armour         | 1 2 3 |  3.0
Stealth        | 1 |  1.6
Fighting       | 3 |  3.6
Dodging        | 3 |  3.4
Short Blades   | |  0.5

Action                   |  1- 3 |  4- 6 || total
-------------------------+-------+-------++-------
Melee: Short sword       |   117 |    69 ||   186
       Headbutt          |    14 |     5 ||    19
 Fire: Hand crossbow     |     3 |    20 ||    23
  Use: Scroll            |       |     3 ||     3
       Potion            |       |     7 ||     7
 Stab: Sleeping          |     2 |       ||     2
  Eat: Ration            |     1 |     1 ||     2
Armor: Leather armour    |    17 |       ||    17
       Ring mail         |    18 |    40 ||    58
       Skin              |       |    11 ||    11
Dodge: Dodged            |    71 |    66 ||   137
Block: Other             |       |     2 ||     2

Table legend:
 A = Non-vault XP
 B = Vault XP
 C = Vault XP percentage of total XP
 D = Non-vault monster count
 E = Vault monster count
 F = Vault count percentage of total count
                 A         B        C        D         E       F
            +---------+---------+-------+---------+---------+-------
      Total |     261 |     136 |  34.3 |      71 |      10 |  12.3
            +---------+---------+-------+---------+---------+-------
        D:1 |      41 |       6 |  12.8 |      25 |       3 |  10.7
        D:2 |      45 |       2 |   4.3 |      21 |       1 |   4.5
        D:3 |      29 |     128 |  81.5 |      17 |       6 |  26.1
        D:4 |     146 |       0 |   0.0 |       8 |       0 |   0.0
            +---------+---------+-------+---------+---------+-------
